 Dungeon Crawl Stone Soup version 0.29-a0-11-ga75d3d97ab (webtiles) character file.

Game seed: 265867443428601693

6150 vurker the Fighter (level 8, -10/86 HPs)
             Began as a Minotaur Enchanter on Jan 28, 2022.
             Was a Follower of Ru.
             Mangled by a two-headed ogre (16 damage)
             ... on level 9 of the Dungeon.
             The game lasted 00:14:42 (12763 turns).

vurker the Fighter (Minotaur Enchanter)            Turns: 12763, Time: 00:14:43

Health: -10/86     AC: 24    Str: 25    XL:     8   Next: 59%
Magic:  9/9        EV:  8    Int: 12    God:    Ru [*.....]
Gold:   348        SH:  0    Dex: 13    Spells: 9/9 levels left

rFire   . . .      SeeInvis .   a - +2 dagger
rCold   . . .      Faith    .   (no shield)
rNeg    . . .      Spirit   .   z - +0 plate armour
rPois   .          Reflect  .   (helmet restricted)
rElec   .          Harm     .   c - +2 cloak
rCorr   .          Rampage  .   i - +1 pair of gloves
Will    .....      NoCast   +   E - +1 pair of boots of Whack-A-Mole {-Cast Str+7 Dex+3}
Stlth   ..........              G - amulet of the acrobat
HPRegen 0.24/turn               h - +4 ring of slaying
MPRegen 0.11/turn               (no ring)

@: no status effects
A: horns 2, inexperienced 1, retaliatory headbutt
a: Renounce Religion


You were on level 9 of the Dungeon.
You worshipped Ru.
Ru was aware of your devotion.
You visited 2 branches of the dungeon, and saw 10 of its levels.

You collected 557 gold pieces.
You spent 209 gold pieces at shops.

Inventory:

Hand Weapons
 a - a +2 dagger (weapon)
 g - a +1 battleaxe
   (You took it off a wight on level 8 of the Dungeon)
 w - a +0 long sword of draining
   (You took it off Maggie on level 6 of the Dungeon)
 y - a +2 whip of flaming
   (You took it off Pikel on level 5 of the Dungeon)
Missiles
 m - 2 throwing nets (quivered)
Armour
 c - a +2 cloak (worn)
   (You took it off Crazy Yiuf on level 3 of the Dungeon)
 i - a +1 pair of gloves (worn)
   (You found it on level 1 of the Dungeon)
 z - a +0 plate armour (worn)
   (You took it off an orc warrior on level 6 of the Dungeon)
 E - the +1 pair of boots of Whack-A-Mole (worn) {-Cast Str+7 Dex+3}
   (You bought it in a shop on level 1 of the Dungeon)

   Str:       It affects your strength (+7).
   Dex:       It affects your dexterity (+3).
   -Cast:     It prevents spellcasting.
 H - a +0 troll leather armour
   (You found it on level 7 of the Dungeon)
Jewellery
 h - a +4 ring of slaying (left hand)
   (You found it on level 1 of the Dungeon)
 G - an amulet of the acrobat (around neck)
   (You found it on level 7 of the Dungeon)
Wands
 t - a wand of flame (3)
   (You found it on level 4 of the Dungeon)
 x - a wand of acid (10)
   (You took it off Maggie on level 6 of the Dungeon)
 B - a wand of mindburst (6)
   (You found it on level 6 of the Dungeon)
 D - a wand of polymorph (12)
   (You found it on level 7 of the Dungeon)
Scrolls
 b - 2 scrolls of enchant weapon
 j - a scroll of summoning
 k - 4 scrolls of identify
 p - 2 scrolls of magic mapping {unknown}
 A - 3 scrolls of enchant armour
Potions
 d - 7 potions of curing
 e - a potion of flight {unknown}
 f - 3 potions of lignification {unknown}
 l - a potion of degeneration {unknown}
 n - 2 potions of berserk rage {unknown}
 o - 2 potions of resistance {unknown}
 q - a potion of heal wounds {unknown}
 s - 5 potions of invisibility
 u - a potion of ambrosia {unknown}
 C - a potion of cancellation {unknown}
 F - a potion of attraction {unknown}


   Skills:
 + Level 13.3 Fighting
 - Level 1.1 Short Blades
 * Level 2.0 Axes
 + Level 13.3 Armour
 - Level 2.1 Dodging
 - Level 2.4 Stealth
 - Level 1.3 Spellcasting
 - Level 2.0 Hexes


You had 9 spell levels left.
You didn't know any spells.
Your spell library contained the following spells:

 Spells                   Type           Power      Damage    Failure   Level
 Foxfire                  Conj/Fire      0%         2x1d4     93%         1
 Magic Dart               Conj           0%         1d3       93%         1
 Ensorcelled Hibernation  Hex/Ice        6%         N/A       93%         2
 Confusing Touch          Hex            5%         N/A       97%         3
 Tukima's Dance           Hex            5%         N/A       97%         3
 Passwall                 Tmut/Erth      0%         N/A       98%         2
 Searing Ray              Conj           0%         2d4       98%         2
 Dazzling Flash           Conj/Hex       6%         N/A       99%         3
 Inner Flame              Hex/Fire       3%         N/A       99%         3
 Conjure Flame            Conj/Fire      0%         6-21      100%        3
 Swiftness                Air            0%         N/A       100%        3
 Flame Wave               Conj/Fire      0%         2d4       100%        4
 Fulminant Prism          Conj/Hex       1%         3d6       100%        4
 Iskenderun's Mystic Bla  Conj/Tloc      0%         2d3       100%        4
 Fireball                 Conj/Fire      0%         3d3       100%        5
 Starburst                Conj/Fire      0%         6d3       100%        6
 Ignition                 Fire           0%         3d3       100%        8


Dungeon Overview and Level Annotations

Branches:
Dungeon (9/15)             Temple (1/1) D:5            Lair (0/6) D:8
    Orc: D:9-12

Altars:
Cheibriados
Dithmenos
Elyvilon
Fedhas
Gozag
Hepliaklqana
Kikubaaqudgha
Makhleb
Nemelex Xobeh
Okawaru
Qazlal
Ru
Sif Muna
Trog
Uskayaw
Vehumet
Wu Jian
Xom
Yredelemnul
Zin
The Shining One

Shops:
D:1 [

Annotations:
D:5 2 runed translucent doors, Noname's ghost, novice DjTm
D:8 1 runed translucent door, anonymous's ghost, novice DEAE


Innate Abilities, Weirdness & Mutations

You have a pair of horns on your head.
You are somewhat inexperienced. (-2 XL)
You reflexively headbutt those who attack you in melee.


Message History

A bullfrog is nearby!
You closely miss the bullfrog.
The bullfrog releases a deep croak.
The bullfrog hits you but does no damage.
You puncture the bullfrog! Your headbutt misses the bullfrog.
The bullfrog completely misses you.
You hit the bullfrog.
The bullfrog hits you but does no damage.
The bullfrog closely misses you.
You hit the bullfrog.
The bullfrog hits you but does no damage.
You closely miss the bullfrog. The bullfrog hits you.
The bullfrog barely misses you. You furiously retaliate!
You headbutt the bullfrog!
You kill the bullfrog!
Your Axes skill increases to level 2!
You open the door.
There is an open door here.
A two-headed ogre comes into view.
It is wielding a +0 giant spiked club and a +0 giant club.
The two-headed ogre shouts in stereo!
A two-headed ogre is nearby!
A two-headed ogre is nearby!
Aim: a two-headed ogre, wielding a +0 giant spiked club and a +0 giant club (85% to hit)
The puff of flame hits the two-headed ogre.
Aim: a two-headed ogre, wielding a +0 giant spiked club and a +0 giant club (lightly wounded, chance to affect: 47%)
The two-headed ogre's minds are blasted!
Aim: a two-headed ogre, wielding a +0 giant spiked club and a +0 giant club (lightly wounded, chance to affect: 47%)
The two-headed ogre resists with some effort.
Aim: a two-headed ogre, wielding a +0 giant spiked club and a +0 giant club (lightly wounded, chance to affect: 47%)
The two-headed ogre resists with some effort.
Aim: a two-headed ogre, wielding a +0 giant spiked club and a +0 giant club (lightly wounded, chance to affect: 47%)
The two-headed ogre resists with some effort.
Aim: a two-headed ogre, wielding a +0 giant spiked club and a +0 giant club (lightly wounded, chance to affect: 47%)
The two-headed ogre resists with some effort.
The two-headed ogre hits you but does no damage.
The two-headed ogre hits you with a +0 giant club!
You hit the two-headed ogre. You hit the two-headed ogre.
You headbutt the two-headed ogre!!
The two-headed ogre hits you with a +0 giant spiked club!
The two-headed ogre hits you with a +0 giant club!
You closely miss the two-headed ogre.
The two-headed ogre hits you with a +0 giant spiked club!
* * * LOW HITPOINT WARNING * * *
The two-headed ogre hits you with a +0 giant club!
* * * LOW HITPOINT WARNING * * *
You barely miss the two-headed ogre.
The two-headed ogre hits you with a +0 giant spiked club!!
* * * LOW HITPOINT WARNING * * *
The two-headed ogre hits you with a +0 giant club!
You die...

#...######....#
#.#.#.......#.#
#.#.#.#######.# ##
#.#...........#
.###.####.....####
..##.# #.....'..#
#.##.# #.....##.#
.....# ###+####.#
..#### #@# .....#
#...O...# .....#
##.#.##.# .....###
#.#.. # ........ .
... .#.##### .#
...# ##..# #. ....
<.# # ..... #..


You could see a two-headed ogre.

Vanquished Creatures
  A two-headed ogre (D:8)
  Pikel (D:5)
  A cyclops (D:6)
  Maggie (D:6)
  A troll (D:7)
  Grinder (D:3)
  Sigmund (D:6)
  A wraith (D:8)
  A steam dragon (D:6)
  A sky beast (D:8)
  A black bear (D:6)
  A hornet zombie (D:7)
  2 ice beasts (D:8)
  3 ogres
  3 orc warriors
  A necrophage (D:6)
  4 lemures
  A centaur (D:8)
  3 phantoms
  2 bullfrogs
  A wyvern zombie (D:6)
  3 scorpions (D:6)
  A water moccasin skeleton (D:5)
  11 wights
  A howler monkey (D:5)
  3 centaur zombies
  A hound (D:5)
  Crazy Yiuf (D:3)
  3 orc priests
  3 jellies
  A centaur skeleton (D:4)
  Terence (D:3)
  Ijyb (D:3)
  Natasha (thrice) (D:3)
  4 iguanas
  8 orc wizards
  A killer bee zombie (D:7)
  A howler monkey zombie (D:6)
  4 gnolls (D:2)
  4 adders
  A shadow imp (D:5)
  2 white imps (D:7)
  2 ufetubi (D:7)
  2 adder skeletons
  2 worms
  2 dart slugs
  27 orcs
  7 ball pythons
  7 endoplasms
  3 giant cockroaches
  6 goblins
  9 hobgoblins
  A jackal (D:4)
  5 kobolds
  5 quokkas
  5 bats
  2 frilled lizards (D:2)
  A quokka zombie (D:8)
  6 rats
  A rat zombie (D:8)
183 creatures vanquished.

Vanquished Creatures (collateral kills)
  A black bear (D:6)
  A phantom (D:6)
  A bullfrog skeleton (D:6)
  2 iguanas (D:6)
5 creatures vanquished.

Grand Total: 188 creatures vanquished

Notes
Turn   | Place    | Note
-------+----------+-------------------------------------------
     0 | D:1      | vurker the Minotaur Enchanter began the quest for the Orb.
     0 | D:1      | Reached XP level 1. HP: 14/14 MP: 1/1
    56 | D:1      | Found Kutym's Antique Armour Shop.
   152 | D:1      | Reached skill level 1 in Fighting
   152 | D:1      | Reached skill level 1 in Armour
   252 | D:1      | Reached XP level 2. HP: 19/23 MP: 3/3
  1144 | D:2      | Reached XP level 3. HP: 28/29 MP: 4/4
  1372 | D:2      | Found a faded altar of an unknown god.
  1607 | D:2      | Reached XP level 4. HP: 27/38 MP: 5/5
  2178 | D:3      | Noticed Ijyb
  2231 | D:3      | Noticed Terence
  2237 | D:3      | Killed Terence
  2238 | D:3      | Reached XP level 5. HP: 29/46 MP: 6/6
  2511 | D:3      | Noticed Grinder
  2533 | D:3      | Killed Grinder
  2534 | D:3      | Reached skill level 5 in Fighting
  2534 | D:3      | Reached skill level 5 in Armour
  2534 | D:3      | Reached XP level 6. HP: 12/56 MP: 7/7
  2900 | D:3      | Killed Ijyb
  3309 | D:3      | Found a runed translucent door.
  3310 | D:3      | Noticed Crazy Yiuf
  3446 | D:3      | Noticed Natasha
  3456 | D:3      | Killed Natasha
  3715 | D:3      | Noticed Natasha
  3720 | D:3      | Killed Natasha
  3793 | D:3      | Noticed Natasha
  3797 | D:3      | Killed Natasha
  4482 | D:3      | Killed Crazy Yiuf
  5067 | D:4      | Reached XP level 7. HP: 62/63 MP: 8/8
  5740 | D:5      | Entered Level 5 of the Dungeon
  5740 | D:5      | Found a staircase to the Ecumenical Temple.
  5811 | D:5      | Noticed Pikel
  5953 | D:5      | Found a large runed translucent door.
  5966 | D:5      | Found a large runed translucent door.
  5968 | D:5      | Noticed Noname's ghost (novice DjTm)
  6530 | D:5      | Reached XP level 8. HP: 72/74 MP: 9/9
  6590 | Temple   | Entered the Ecumenical Temple
  6681 | Temple   | Became a worshipper of Ru the Awakened
  6884 | D:5      | Killed Pikel
  7661 | D:6      | Reached XP level 9. HP: 60/85 MP: 10/10
  7788 | D:6      | Reached skill level 10 in Fighting
  7788 | D:6      | Reached skill level 10 in Armour
  8303 | D:6      | Noticed a cyclops
  8321 | D:6      | Killed a cyclops
  8793 | D:6      | Noticed Sigmund
  8794 | D:6      | Gained mutation: You are somewhat inexperienced. (-2 XL)
                  | [Ru sacrifice]
  8794 | D:6      | Reached XP level 8. HP: 81/81 MP: 9/9
  8794 | D:6      | Reached XP level 7. HP: 73/73 MP: 8/8
  8794 | D:6      | Reached * piety under Ru
  8804 | D:6      | Killed Sigmund
  8964 | D:6      | Noticed Maggie
  8976 | D:6      | Killed Maggie
 10348 | D:1      | Bought a pair of transparent boots for 209 gold pieces
 10348 | D:1      | Identified the +1 pair of boots of Whack-A-Mole {-Cast
                  | Str+7 Dex+3} (You bought it in a shop on level 1 of the
                  | Dungeon)
 10703 | D:7      | Reached XP level 8. HP: 83/83 MP: 9/9
 11600 | D:8      | Noticed a two-headed ogre
 11614 | D:8      | Killed a two-headed ogre
 11779 | D:8      | Noticed anonymous's ghost (novice DEAE)
 11847 | D:8      | Found a runed translucent door.
 12185 | D:8      | Found a staircase to the Lair.
 12288 | D:8      | Reached skill level 1 in Axes
 12753 | D:9      | Noticed a two-headed ogre
 12763 | D:9      | Mangled by a two-headed ogre

Illustrated notes

Levels and vault maps discovered:
D:1:      psy_arrival_whirlpool, layout_loops_ring, serial_shops,
          nicolae_shop_overgrown_old_shop, serial_co_window_serial,
          co_window_paths_a, co_window_paths_a, co_window_corner_a,
          co_window_of_opportunity_a, co_window_of_opportunity_a,
          co_window_paths_c, co_window_paths_c, co_window_corner_b,
          co_window_of_opportunity_b, co_window_paths_e, glass_columns_c,
          glass_columns_b, glass_columns_b
D:2:      layout_basic, chequers_ecumenical_altar_simple
D:3:      layout_basic, uniq_terence, uniq_natasha, uniq_ijyb, uniq_grinder,
          uniq_crazy_yiuf_cottage
D:4:      layout_loops_cross, kennysheep_generic_room_5
D:5:      layout_cave_pools, minmay_temple_entry_offerings,
          ebering_ghost_disaster_area, uniq_pikel
D:6:      minmay_opposing_rooms, layout_layer_cave, uniq_maggie, uniq_sigmund
D:7:      layout_basic
D:8:      layout_basic, lair_entry_dummy, hellmonk_ghost_happy_afterlife,
          enter_ossuary_4
D:9:      layout_basic, zombieorc2_lemuel
Temple:   dpeg_three_leaves_temple

Skill      XL: |  1  2  3  4  5  6  7  8  9 |
---------------+----------------------------+-----
Fighting       | 1 2 3 4 5 6 12 13 10 | 13.3
Armour         | 1 2 3 4 5 6 12 13 10 | 13.3
Axes           | 2 |  2.0
Short Blades   | |  1.1
Dodging        | |  2.1
Stealth        | |  2.4
Spellcasting   | |  1.3
Hexes          | |  2.0

Action                   |  1- 3 |  4- 6 |  7- 9 || total
-------------------------+-------+-------+-------++-------
Melee: Dagger            |    76 |    98 |   494 ||   668
       Headbutt          |    10 |    24 |   124 ||   158
       Punch             |       |     1 |     9 ||    10
Invok: Sacrifice Experie |       |       |     1 ||     1
Evoke: Wand              |       |     2 |    29 ||    31
  Use: Potion            |       |     2 |       ||     2
       Scroll            |       |       |    10 ||    10
 Stab: Sleeping          |     1 |       |       ||     1
       Invisible         |       |     2 |       ||     2
Armor: Robe              |     5 |       |       ||     5
       Scale mail        |     9 |    29 |    84 ||   122
       Plate armour      |       |       |   184 ||   184
Dodge: Dodged            |    42 |    37 |   210 ||   289

Table legend: (Time is in decaauts)
 A = Elapsed time spent in this place.
 B = Non-inter-level travel time spent in this place.
 C = Inter-level travel time spent in this place.
 D = Time resting spent in this place.
 E = Time spent auto-exploring this place.
 F = Levels seen in this place.
 G = Mean time per level.
                   A        B        C        D        E       F      G
               +--------+--------+--------+--------+--------+-----+--------+
         Total |  12731 |  11986 |    745 |    655 |   9625 |  10 | 1273.1 |
       Dungeon |  12626 |  11919 |    707 |    655 |   9570 |   9 | 1402.9 |
        Temple |    104 |     66 |     38 |      0 |     55 |   1 |  104.0 |
               +--------+--------+--------+--------+--------+-----+--------+

Top non-repeatable levels by time:
     D:6: 2784 daAuts
     D:3: 2740 daAuts
     D:4: 1678 daAuts
     D:8: 1177 daAuts
     D:1: 1124 daAuts
     D:7: 1085 daAuts
     D:2: 917 daAuts
     D:5: 866 daAuts
     D:9: 251 daAuts
  Temple: 104 daAuts
